Map: New Repugnancy LE

Players

Iceman

  • Race: Zerg Zerg
  • League: Diamond
  • Spawn Location: 1:00

Gumby - Winner!

  • Race: Protoss Protoss
  • League: Diamond
  • Spawn Location: 7:00

VOD

Have the link to the VOD?

Description

Time

  • Played on: June 9, 2019, 2:14 a.m.
  • Length: 10:45
Show
View Real Time Build Order
Export as new Build Order

Iceman Zerg 

Build Orders: Hatch First 

Get SALT Encoding   

  12  0:01  Drone  
  13  0:12  Overlord  
  13  0:17  Drone  
  14  0:30  Drone x2  
  16  0:49  Hatchery  
  15  0:52  Drone  
  15  0:56  Drone  
  17  0:59  Drone  
  18  1:10  Extractor  
  17  1:17  Spawning Pool  
  16  1:35  Drone x2  
  16  1:37  Drone  
  19  1:48  Drone  
  20  1:58  Drone  
  21  2:03  Extractor  
  21  2:04  Drone  
  21  2:07  Queen  
  23  2:12  Roach Warren  
  22  2:19  Drone  
  22  2:20  Drone  
  24  2:31  Drone x2  
  25  2:40  Zergling x4  
  27  2:56  Lair  
  27  3:00  Overlord x2  
  27  3:21  Roach  
  27  3:25  Roach  
  29  3:36  Hatchery  
  29  3:38  Roach  
  29  3:39  Roach  
  33  3:41  Ravager  
  33  3:42  Roach  
  36  3:57  Ravager  
  36  3:58  Overlord  
  36  4:01  Overlord x2  
  36  4:12  Ravager  
  36  4:14  Overlord  
  37  4:21  Roach x2  
  41  4:26  Roach  
  43  4:33  Spire  
  42  4:41  Overlord  
  42  5:03  Overlord  
  42  5:06  Drone x2  
  44  5:07  Hatchery  
  43  5:17  Queen  
  45  5:25  Drone x2  
  47  5:32  Drone x2  
  49  5:41  Drone x2  
  51  5:51  Spore Crawler  
  51  5:55  Corruptor  
  52  6:03  Corruptor  
  52  6:13  Corruptor  
  54  6:20  Drone x2  
  54  6:23  Drone  
  57  6:26  Drone  
  57  6:32  Zerg Flyer Weapons Level 1  
  58  6:36  Zergling x2  
  58  6:38  Zergling x2  
  60  6:44  Glial Reconstitution  
  60  6:45  Drone  
  59  6:58  Corruptor  
  59  6:59  Corruptor  
  57  7:09  Drone  
  57  7:10  Drone x4  
  60  7:18  Corruptor  
  61  7:25  Corruptor  
  63  7:37  Corruptor  
  63  7:40  Drone x3  
  64  7:48  Drone x2  
  64  7:49  Drone  
  64  7:50  Drone  
  67  7:54  Drone  
  68  7:59  Queen  
  68  8:00  Drone  
  68  8:05  Extractor  
  70  8:06  Queen, Extractor  
  70  8:07  Drone  
  72  8:13  Evolution Chamber  
  72  8:17  Corruptor  
  73  8:20  Corruptor  
  75  8:28  Zergling x2  
  75  8:29  Drone  
  75  8:32  Drone  
  78  8:40  Overseer  
  78  8:42  Zerg Missile Weapons Level 1  
  78  8:47  Corruptor  
  80  8:49  Hatchery  
  79  9:02  Corruptor x2  
  83  9:13  Overlord  
  83  9:14  Overlord x3  
  83  9:26  Overlord x2  
  83  9:27  Overlord  
  82  9:47  Corruptor x4  
  90  9:56  Corruptor  
  92  10:00  Drone x4  
  96  10:11  Drone  
  97  10:15  Drone  
  97  10:16  Spore Crawler  
  97  10:24  Drone x5  
Show
View Real Time Build Order
Export as new Build Order

Gumby Protoss - Winner!

Build Orders: Cannon Rush 

Get SALT Encoding   

  12  0:01  Probe  
  13  0:13  Probe  
  14  0:19  Pylon  
  14  0:25  Probe  
  15  0:33  Probe  
  15  0:41  Probe  
  17  0:54  Forge  
  17  0:56  Probe  
  18  1:07  Probe  
  19  1:11  Pylon  
  19  1:12  Pylon  
  19  1:14  Pylon  
  19  1:31  Photon Cannon  
  19  1:35  Pylon  
  19  1:36  Pylon  
  19  1:40  Pylon  
  19  1:52  Photon Cannon  
  20  1:55  Gateway  
  20  1:59  Photon Cannon  
  20  2:03  Photon Cannon  
  20  2:04  Probe  
  20  2:12  Assimilator, Probe  
  20  2:20  Assimilator  
  20  2:21  Probe  
  22  2:33  Probe  
  23  2:45  Cybernetics Core, Probe  
  23  2:47  Zealot  
  26  2:54  Cybernetics Core  
  26  2:58  Probe  
  27  3:05  Zealot  
  27  3:10  Probe  
  30  3:23  Pylon  
  30  3:33  Probe  
  31  3:41  Stargate  
  31  3:45  Probe  
  31  3:47  Nexus  
  32  4:05  Warp Gate  
  32  4:06  Sentry  
  34  4:12  Probe  
  35  4:21  Void Ray, Pylon  
  35  4:24  Pylon, Probe  
  36  4:36  Probe  
  41  4:40  Photon Cannon  
  41  4:44  Pylon  
  41  4:52  Void Ray  
  41  5:01  Probe  
  46  5:07  Probe  
  45  5:28  Probe x2  
  45  5:29  Void Ray  
  45  5:31  Assimilator  
  45  5:32  Zealot  
  51  5:40  Probe x2  
  53  6:09  Void Ray  
  53  6:17  Gateway  
  57  6:26  Nexus  
  57  6:35  Assimilator  
  57  6:36  Probe x2  
  59  6:41  Robotics Facility  
  59  6:44  Gateway  
  59  6:45  Gateway  
  59  6:48  Probe x2  
  57  6:57  Void Ray  
  57  7:00  Probe x2  
  59  7:12  Probe  
  60  7:37  Void Ray  
  60  7:39  Probe  
  60  7:43  Probe  
  62  7:45  Probe  
  63  7:53  Probe  
  63  7:57  Immortal  
  64  8:02  Twilight Council  
  64  8:03  Probe  
  64  8:04  Gateway  
  65  8:06  Gateway  
  65  8:08  Gateway  
  65  8:10  Pylon  
  65  8:12  Probe  
  65  8:16  Probe  
  65  8:18  Pylon  
  67  8:21  Pylon, Probe  
  67  8:26  Shield Battery  
  68  8:28  Warp Prism  
  68  8:29  Probe  
  69  8:38  Probe  
  69  8:41  Stalker x4  
  75  8:47  Probe  
  81  8:56  Probe  
  81  9:00  Phoenix  
  84  9:18  Stalker x3  
  84  9:19  Stalker x4  
  84  9:22  Probe  
  99  9:34  Probe  
  100  9:46  Probe  
  100  9:49  Stalker, Nexus  
  100  9:50  Stalker x3  
  109  10:02  Assimilator  
  109  10:05  Assimilator  
  109  10:08  Pylon  
  109  10:10  Pylon  
  95  10:38  Stalker x4  
  95  10:39  Stalker  
  95  10:40  Stalker  
  95  10:41  Stalker  
Tags
 
Add a new tag
Caveats
  • Supply blocks, unpowered buildings, or Contaminate may cause inaccurate times.
  • Supply counts are checked every 10 seconds.